 Dungeon Sprint DCSS version 0.21.1-1-g345015f (webtiles) character file.

1751 equalderp2856 the Cleaver (level 8, -6/83 HPs)
             Began as a Minotaur Fighter on May 17, 2018.
             Mangled by a 14-headed hydra (7 damage)
             ... in the Dungeon (Sprint IX: "|||||||||||||||||||||||||||||").
             The game lasted 00:01:27 (879 turns).

equalderp2856 the Cleaver (Minotaur Fighter)         Turns: 879, Time: 00:01:28

Health: -6/83      AC: 16    Str: 22    XL:     8   Next: 78%
Magic:  7/7        EV:  8    Int:  5    God:
Gold:   19         SH: 12    Dex: 11    Spells: 7/7 levels left

rFire    . . .     SeeInvis .   p - +1 broad axe (freeze)
rCold    . . .     Gourm    .   c - +0 shield
rNeg     . . .     Faith    .   s - +0 plate armour
rPois    .         Spirit   .   (helmet restricted)
rElec    .         Reflect  .   (no cloak)
rCorr    .         Harm     .   (no gloves)
MR       .....     NoTele   +   t - +0 pair of boots
Stlth    ..........             (no amulet)
HPRegen  0.23/turn              (no ring)
MPRegen  0.10/turn              (no ring)

@: no status effects
A: retaliatory headbutt, horns 2
a: no special abilities


You were in the Dungeon.
You were not hungry.

You visited 1 branch You collected 19 gold pieces.

Inventory:

Hand Weapons
 a - a +0 war axe
 p - a +1 broad axe of freezing (weapon)
Armour
 b - a +0 scale mail
 c - a +0 shield (worn)
 s - a +0 plate armour (worn)
 t - a +0 pair of boots (worn)
Jewellery
 q - a +3 ring of intelligence
 r - a +2 ring of evasion
Wands
 o - a wand of acid (10)
Scrolls
 k - 2 scrolls of blinking
 m - 5 scrolls of remove curse
 n - 2 scrolls of amnesia
 w - 3 scrolls of identify
Potions
 d - 2 potions of might
 e - 6 potions of curing
 g - 5 potions of heal wounds
 h - a potion of haste
 i - 4 potions of magic
 j - a potion of berserk rage
 l - a potion of invisibility
 u - a potion of agility
 v - a potion of resistance
Comestibles
 f - a ration


   Skills:
 + Level 11.9 Fighting
 + Level 12.7 Axes
 + Level 10.9 Armour
 + Level 4.9 Dodging
 + Level 0.9 Stealth
 + Level 11.3 Shields


You had 7 spell levels left.
You didn't know any spells.

Dungeon Overview and Level Annotations

Branches:
Dungeon (1/1)

Altars:
Cheibriados
Dithmenos
Elyvilon
Fedhas
Gozag
Hepliaklqana
Kikubaaqudgha
Makhleb
Nemelex Xobeh
Okawaru
Qazlal
Ru
Sif Muna
Trog
Uskayaw
Vehumet
Wu Jian
Xom
Yredelemnul
Zin
The Shining One
Beogh
Jiyva
Lugonu


Innate Abilities, Weirdness & Mutations

You reflexively headbutt those who attack you in melee.
You have a pair of horns on your head.


Message History

* * * LOW HITPOINT WARNING * * *
The 13-headed hydra bites you.
* * * LOW HITPOINT WARNING * * *
The 13-headed hydra bites you.
* * * LOW HITPOINT WARNING * * *
The 13-headed hydra barely misses you. The 13-headed hydra bites you.
* * * LOW HITPOINT WARNING * * *
The 13-headed hydra misses you. The 13-headed hydra bites you.
* * * LOW HITPOINT WARNING * * *
The blink frog completely misses you.
Unknown command.
You slice one of the 13-headed hydra's heads off!
The 12-headed hydra grows two more!
You hit the 14-headed hydra. You freeze the 14-headed hydra.
The 14-headed hydra is almost dead.
You closely miss the blink frog. The blink frog hits you.
* * * LOW HITPOINT WARNING * * *
The 14-headed hydra barely misses you. You block the 14-headed hydra's attack.
The 14-headed hydra bites you!
You die...

▓.▓_▓
▓h▓.▓_▓
▓.▓.▓_▓
▓F▓.▓_▓
▓S▓.▓_▓
▓F▓.▓_▓
▓S▓.▓_▓
▓D▓.▓_▓
▓@▓.▓_▓
▓F▓.▓_▓
▓.▓.▓_▓
▓.▓.▓_▓
▓.▓.▓'▓
▓.▓.▓.▓
▓)▓.▓.▓
▓[▓.▓.▓
▓.▓.▓.▓


You could see a 14-headed hydra, a blink frog, 2 water moccasins, a black bear
(wandering) and 2 bullfrogs.

Vanquished Creatures
  A deep elf mage (D)
  A komodo dragon (D)
  A troll (D)
  A blink frog (D)
  A water moccasin (D)
  A black bear (D)
  An orc warrior (D)
  2 centaurs (D)
  2 bullfrogs (D)
  A killer bee (D)
  A howler monkey (D)
  A crimson imp (D)
  An orc wizard (D)
  An adder (D)
  An adder zombie (D)
  A giant cockroach (D)
  A quokka (D)
  A frilled lizard (D)
  2 kobolds (D)
  A rat (D)
23 creatures vanquished.

Notes
Turn   | Place    | Note
-------+----------+-------------------------------------------
     0 | D        | equalderp2856 the Minotaur Fighter began the quest for the Orb.
     0 | D        | Reached XP level 1. HP: 19/19 MP: 0/0
    17 | D        | Noticed a centaur
    17 | D        | Noticed an orc wizard
    22 | D        | Reached skill level 1 in Dodging
    22 | D        | Reached XP level 2. HP: 23/27 MP: 1/1
    25 | D        | Reached skill level 5 in Fighting
    25 | D        | Reached skill level 3 in Axes
    25 | D        | Reached skill level 5 in Armour
    25 | D        | Reached skill level 5 in Shields
    25 | D        | Reached XP level 3. HP: 26/36 MP: 2/2
    27 | D        | Killed a centaur
    27 | D        | Reached skill level 5 in Axes
    27 | D        | Reached XP level 4. HP: 27/45 MP: 3/3
   148 | D        | Found a roughly hewn altar of Beogh.
   148 | D        | Found a snail-covered altar of Cheibriados.
   148 | D        | Found a shadowy altar of Dithmenos.
   148 | D        | Found a white marble altar of Elyvilon.
   148 | D        | Found a blossoming altar of Fedhas.
   148 | D        | Found an opulent altar of Gozag.
   149 | D        | Found a hazy altar of Hepliaklqana.
   150 | D        | Found a viscous altar of Jiyva.
   151 | D        | Found an ancient bone altar of Kikubaaqudgha.
   152 | D        | Found a corrupted altar of Lugonu.
   153 | D        | Found a burning altar of Makhleb.
   154 | D        | Found a sparkling altar of Nemelex Xobeh.
   155 | D        | Found an iron altar of Okawaru.
   156 | D        | Found a stormy altar of Qazlal.
   157 | D        | Found a sacrificial altar of Ru.
   158 | D        | Found a deep blue altar of Sif Muna.
   159 | D        | Found a bloodstained altar of Trog.
   160 | D        | Found a hide-covered altar of Uskayaw.
   161 | D        | Found a radiant altar of Vehumet.
   162 | D        | Found an ornate altar of the Wu Jian Council.
   163 | D        | Found a shimmering altar of Xom.
   164 | D        | Found a basalt altar of Yredelemnul.
   165 | D        | Found a glowing silver altar of Zin.
   166 | D        | Found a glowing golden altar of the Shining One.
   194 | D        | Noticed a troll
   194 | D        | Noticed a water moccasin
   194 | D        | Noticed a bullfrog
   194 | D        | Noticed a centaur
   196 | D        | Killed a centaur
   196 | D        | Reached skill level 6 in Axes
   196 | D        | Reached XP level 5. HP: 46/53 MP: 4/4
   199 | D        | Reached skill level 7 in Axes
   199 | D        | Reached XP level 6. HP: 56/63 MP: 5/5
   202 | D        | Killed a water moccasin
   202 | D        | Reached skill level 8 in Axes
   209 | D        | Killed a troll
   209 | D        | Reached skill level 10 in Fighting
   209 | D        | Reached skill level 9 in Axes
   209 | D        | Reached XP level 7. HP: 27/73 MP: 6/6
   418 | D        | Noticed a komodo dragon
   418 | D        | Noticed a deep elf mage
   426 | D        | Reached skill level 10 in Axes
   426 | D        | Reached skill level 10 in Armour
   426 | D        | Reached skill level 10 in Shields
   434 | D        | Killed a deep elf mage
   434 | D        | Reached skill level 11 in Axes
   434 | D        | Reached XP level 8. HP: 59/82 MP: 7/7
   441 | D        | Killed a komodo dragon
   441 | D        | Reached skill level 12 in Axes
   868 | D        | Noticed a blink frog
   868 | D        | Noticed a blink frog
   868 | D        | Noticed a seven-headed hydra
   873 | D        | Killed a blink frog
   878 | D        | HP: 4/83 [13-headed hydra (1)]
   878 | D        | HP: 1/83 [13-headed hydra (3)]
   879 | D        | Mangled by a 14-headed hydra

Skill      XL: |  1  2  3  4  5  6  7  8 |
---------------+-------------------------+-----
Fighting       | 4 5 6 8 9 10 11 | 11.9
Armour         | 4 5 6 7 8 9 10 | 10.9
Shields        | 4 5 6 7 8 9 10 11 | 11.3
Dodging        | 1 2 3 4 |  4.9
Axes           | 3 5 6 7 9 11 12 | 12.7
Stealth        | |  0.9

Action                   |  1- 3 |  4- 6 |  7- 9 || total
-------------------------+-------+-------+-------++-------
Melee: War axe           |    17 |     4 |       ||    21
       Headbutt          |     2 |     2 |    11 ||    15
       Broad axe         |       |    15 |    36 ||    51
Armor: Scale mail        |     4 |     4 |     2 ||    10
       Plate armour      |       |       |    16 ||    16
Dodge: Dodged            |     5 |    10 |    24 ||    39
Block: Shield            |     3 |    17 |    32 ||    52
